 Dungeon Crawl Stone Soup version 0.29.0 (webtiles) character file.

Game seed: 8801358090024379260

41393 Dorkslayer the Fighter (level 14, -1/129 HPs)
             Began as a Hill Orc Fighter on Sept 13, 2022.
             Was an Initiate of Gozag.
             Killed by divine providence
             ... invoked by a meliai
              (18 damage)
             ... on level 13 of the Dungeon.
             The game lasted 01:07:59 (19082 turns).

Dorkslayer the Fighter (Hill Orc Fighter)          Turns: 19082, Time: 01:07:59

Health: -1/129     AC: 24    Str: 33    XL:     14   Next: 15%
Magic:  23/23      EV:  9    Int:  8    God:    Gozag
Gold:   4295       SH: 10    Dex: 12    Spells: 13/13 levels left

rFire   . . .      SeeInvis +   C - +7 long sword of the Endless Ships {vorpal, rElec rN++ Str+3 Stlth+}
rCold   + . .      Faith    .   U - +0 kite shield
rNeg    + + .      Spirit   .   D - +2 plate armour {rPois}
rPois   +          Reflect  .   M - +1 helmet "Neam" {MP+9}
rElec   +          Harm     +   e - +0 cloak
rCorr   .          Rampage  +   f - +1 pair of gloves of Nopurunneeto {Harm rC+ Str+2}
Will    +....                   p - +0 pair of boots {rampage}
Stlth   ..........              w - amulet of the acrobat
HPRegen 0.31/turn               y - +6 ring of strength
MPRegen 0.18/turn               F - ring of see invisible

@: gold aura
A: no striking features
a: Renounce Religion, Potion Petition, Call Merchant, Bribe Branch


You were on level 13 of the Dungeon.
You worshipped Gozag.
Gozag was most pleased with you.
You visited 3 branches of the dungeon, and saw 16 of its levels.
You also visited: Ossuary and Bailey.

You collected 4645 gold pieces.
You spent 232 gold pieces at shops.
You paid 118 gold pieces to Gozag.

Inventory:

Hand Weapons
 k - a +4 long sword of holy wrath
 C - the +7 long sword of the Endless Ships (weapon) {vorpal, rElec rN++ Str+3 Stlth+}
   (You found it on level 6 of the Dungeon)

   It inflicts extra damage upon your enemies.
   Str:       It affects your strength (+3).
   rElec:     It insulates you from electricity.
   rN:        It greatly protects you from negative energy.
   Stlth:     It makes you more stealthy.
 V - a +2 war axe of flaming
Missiles
 b - a throwing net (quivered)
 c - 7 boomerangs
 L - 5 curare-tipped darts
Armour
 e - a +0 cloak (worn)
 f - the +1 pair of gloves of Nopurunneeto (worn) {Harm rC+ Str+2}
   (You acquired it on level 6 of the Dungeon)

   Str:       It affects your strength (+2).
   rC:        It protects you from cold.
   Harm:      It increases damage dealt and taken.
 p - a +0 pair of boots of rampaging (worn)
 D - a +2 plate armour of poison resistance (worn)
 M - the +1 helmet "Neam" (worn) {MP+9}
   (You found it in a bailey)

   MP:        It affects your magic capacity (+9).
 U - a +0 kite shield (worn)
Jewellery
 r - a ring of protection from cold
 w - an amulet of the acrobat (around neck)
 y - a +6 ring of strength (left hand)
 F - a ring of see invisible (right hand)
Wands
 q - a wand of polymorph (3)
 x - a wand of flame (31)
 O - a wand of mindburst (3)
Scrolls
 g - 2 scrolls of enchant weapon
 h - 2 scrolls of immolation
 i - 4 scrolls of fear
 l - 2 scrolls of brand weapon
 m - 5 scrolls of teleportation
 n - a scroll of poison
 o - a scroll of identify
 t - 2 scrolls of blinking
 u - 4 scrolls of fog
 B - 2 scrolls of enchant armour
 Q - a scroll of amnesia
 R - a scroll of magic mapping
 T - a scroll of silence
Potions
 d - 2 potions of might
 j - 2 potions of curing
 s - a potion of cancellation
 v - a potion of haste
 H - a potion of mutation
 I - 2 potions of magic
 K - a potion of ambrosia
 S - a potion of brilliance
Miscellaneous
 a - a phantom mirror


   Skills:
 * Level 13.4 Fighting
 + Level 12.2 Long Blades
 + Level 9.4(10.3) Axes
 + Level 4.8(7.0) Maces & Flails
 + Level 2.4(5.5) Polearms
 + Level 2.0 Throwing
 + Level 9.7 Armour
 + Level 6.7 Dodging
 + Level 3.0 Stealth
 * Level 8.6 Shields
 * Level 8.5 Evocations


You had 13 spell levels left.
You didn't know any spells.
Your spell library contained the following spells:

 Spells                   Type           Power      Damage    Failure   Level
 Foxfire                  Conj/Fire      0%         2x1d4     100%        1
 Sublimation of Blood     Necr           0%         N/A       100%        2
 Conjure Flame            Conj/Fire      0%         6-21      100%        3
 Inner Flame              Hex/Fire       0%         N/A       100%        3
 Stone Arrow              Conj/Erth      0%         3d7       100%        3
 Animate Armour           Summ/Erth      0%         N/A       100%        4
 Flame Wave               Conj/Fire      0%         2d4       100%        4
 Hailstorm                Conj/Ice       0%         3d3       100%        4
 Ice Form                 Ice/Tmut       0%         N/A       100%        4
 Petrify                  Tmut/Erth      0%         N/A       100%        4
 Irradiate                Conj/Tmut      0%         3d11      100%        5
 Lehudib's Crystal Spear  Conj/Erth      0%         10d2      100%        8
 Simulacrum               Ice/Necr       Unusable   N/A       N/A         6

Dungeon Overview and Level Annotations

Branches:
Dungeon (13/15)            Temple (1/1) D:4            Lair (0/5) D:8
    Orc (2/2) D:12            Elf (0/3) Orc:2        Vaults (0/5) D:13
Ossuary (visited)          Bailey (visited)

Altars:
Ashenzari
Cheibriados
Dithmenos
Elyvilon
Fedhas
Gozag
Hepliaklqana
Kikubaaqudgha
Makhleb
Nemelex Xobeh
Okawaru
Qazlal
Ru
Sif Muna
Trog
Uskayaw
Vehumet
Wu Jian
Xom
Yredelemnul
Zin
The Shining One
Beogh

Shops:
Orc:2 :([[

Portals:
Abyss: D:12

Annotations:
D:12 1 transporter


Message History

You feel very sick. The meliai hits you but does no damage.
The meliai closely misses you. The meliai hits you with a +0 hand axe!
The meliai barely misses you. The meliai hits you with a +0 hand axe.
The meliai stings you. You block the meliai's attack.
The meliai stings you but does no damage.
You hit the meliai.
You kill the meliai!
You feel sick. You block the meliai's attack.
The meliai stings you but does no damage.
The meliai barely misses you. The meliai stings you!
You are more poisoned.
The meliai poisons you!
You slash the meliai!
The meliai is severely wounded.
You feel very sick.
The meliai invokes the aid of its god against you.
Something smites you!
* * * LOW HITPOINT WARNING * * *
You slash the meliai!
The meliai is almost dead.
You feel very sick.
The meliai invokes the aid of its god against you.
Something smites you!
* * * LOW HITPOINT WARNING * * *
The meliai closely misses you. You block the meliai's attack.
Unknown command.
You feel better. The meliai hits you but does no damage. The meliai stings you.
* * * LOW HITPOINT WARNING * * *
The meliai completely misses you. You block the meliai's attack.
You feel better. The meliai hits you but does no damage.
You block the meliai's attack. The meliai hits you with a +0 hand axe!
* * * LOW HITPOINT WARNING * * *
The meliai stings you.
* * * LOW HITPOINT WARNING * * *
You feel better.
The meliai invokes the aid of its god against you.
Something smites you!
You die...
Your body crumbles into a pile of gold.

<..# #...## ###. ####
###'#########
#########...#.>...^.###
....#...'.#.#.#.###.'.#
....'.###.#.#.#...#.#...#
....### #.#.#####.#.###.#
....# #.#.......#.# #
....# #.#########.# ....#
#.#....y@.#.# ....#
#.#####$#.#.# #####
#.......#...# ..##
###...####### ...#
###......## ...#
#.........## ...#
####...........
...#####.....)......#.
...#.....##.........#


You could see a meliai.

Vanquished Creatures
  Jorgrun (D:12)
  An orc warlord (Orc:2)
  The ghost of Caterwaul the Carver, a journeyman DsWr of Qazlal (D:12)
  A yaktaur captain (D:13)
  2 boulder beetles
  2 centaur warriors (D:13)
  2 hell hogs (D:12)
  An orc high priest (Orc:2)
  Sonja (D:10)
  Pikel (D:6)
  3 orc knights
  4 orc sorcerers
  3 ugly things
  2 manticores
  2 cyclopes
  A worldbinder (D:12)
  Joseph (D:8)
  2 kobold demonologists
  2 unseen horrors
  Psyche (D:8)
  A komodo dragon (D:8)
  2 yaktaurs (D:13)
  7 trolls
  An ancient zyme (D:12)
  2 meliai (D:13)
  Grinder (D:6)
  2 shadows
  A vampire (D:11)
  25 yaks
  3 wraiths
  Grum (D:8)
  A steam dragon (D:9)
  2 vampire mosquitoes (D:12)
  Menkaure (D:5)
  An acid dragon (D:11)
  A water moccasin (D:7)
  38 orc warriors
  2 ice beasts
  2 wolves (D:8)
  2 lemures (D:6)
  16 centaurs
  4 ogres
  2 phantoms
  7 kobold brigands
  2 bullfrogs (D:7)
  2 gnoll sergeants
  3 necrophages
  6 scorpions
  4 water moccasin zombies (Ossuary)
  4 wights
  9 killer bees
  4 howler monkeys
  A starcursed mass (D:12)
  2 jellies
  16 orc priests
  4 hounds
  Crazy Yiuf (D:2)
  4 iguanas
  31 orc wizards
  2 mummies (Ossuary)
  Robin (D:2)
  13 gnolls
  6 adders
  A shadow imp (D:5)
  A white imp (D:8)
  An ufetubus (D:5)
  6 adder zombies (Ossuary)
  3 dart slugs
  101 orcs
  6 bats
  8 endoplasms
  2 giant cockroaches
  10 hobgoblins
  7 jackals
  6 quokkas
  6 ball pythons
  3 frilled lizards
  4 gnoll zombies (Ossuary)
  19 goblins
  6 hobgoblin zombies (Ossuary)
  23 kobolds
  5 kobold zombies (Ossuary)
  6 orc zombies (Ossuary)
  24 rats
522 creatures vanquished.

Vanquished Creatures (others)
  An orc knight (D:12)
  An ogre (D:6)
  A gnoll sergeant (D:6)
  An orc wizard (Orc:2)
  A gnoll (D:7)
  3 orcs (Orc:2)
  14 plants (D:8)
22 creatures vanquished.

Grand Total: 544 creatures vanquished

Notes
Turn   | Place    | Note
-------+----------+-------------------------------------------
     0 | D:1      | Dorkslayer the Hill Orc Fighter began the quest for the
                  | Orb.
     0 | D:1      | Reached XP level 1. HP: 19/19 MP: 1/1
   136 | D:1      | Reached XP level 2. HP: 16/27 MP: 2/2
   275 | D:1      | Found a faded altar of an unknown god.
   328 | D:1      | Reached skill level 4 in Fighting
   410 | D:1      | Reached XP level 3. HP: 20/33 MP: 3/3
   858 | D:2      | Noticed Robin
   875 | D:2      | Killed Robin
   876 | D:2      | Reached XP level 4. HP: 35/41 MP: 4/4
   899 | D:2      | Found a runed translucent door.
   900 | D:2      | Noticed Crazy Yiuf
  1086 | D:2      | Reached skill level 1 in Dodging
  1661 | D:2      | Killed Crazy Yiuf
  2125 | D:3      | You fall into a shaft and drop 3 floors!
  2147 | D:6      | Noticed a scorpion
  2155 | D:6      | Reached XP level 5. HP: 41/47 MP: 5/5
  2169 | D:6      | Reached skill level 5 in Axes
  2181 | D:6      | Noticed Grinder
  2202 | D:6      | Paralysed by Grinder for 4 turns
  2207 | D:6      | Killed Grinder
  2208 | D:6      | Reached skill level 5 in Fighting
  2208 | D:6      | Reached XP level 6. HP: 31/56 MP: 6/6
  2234 | D:6      | Reached XP level 7. HP: 32/61 MP: 7/7
  2271 | D:5      | Entered Level 5 of the Dungeon
  2560 | D:4      | Reached skill level 6 in Fighting
  2560 | D:4      | Reached XP level 8. HP: 55/70 MP: 8/8
  2885 | D:4      | Found an iron altar of Okawaru.
  3076 | D:4      | Reached skill level 5 in Armour
  3364 | D:4      | Found a white marble altar of Elyvilon.
  3427 | D:4      | Found a basalt altar of Yredelemnul.
  3526 | D:4      | Found a staircase to the Ecumenical Temple.
  3534 | Temple   | Entered the Ecumenical Temple
  3594 | Temple   | Became a worshipper of Gozag Ym Sagoz the Greedy
  3812 | D:5      | Found a glowing silver altar of Zin.
  3899 | D:5      | Reached skill level 7 in Fighting
  4019 | D:5      | Noticed Menkaure
  4028 | D:5      | Killed Menkaure
  4367 | D:5      | Reached XP level 9. HP: 78/79 MP: 9/9
  4568 | D:5      | Found a shimmering blue altar of Sif Muna.
  4572 | D:5      | Reached skill level 1 in Maces & Flails
  4820 | D:6      | Identified a scroll of acquirement
  4824 | D:6      | Acquired the +1 pair of gloves of Nopurunneeto {Harm rC+
                  | Str+2}
  4840 | D:6      | Identified the +7 long sword of the Endless Ships {vorpal,
                  | rElec rN++ Str+3 Stlth+}
  4972 | D:6      | Noticed Pikel
  4980 | D:6      | Killed Pikel
  4981 | D:6      | Reached skill level 1 in Long Blades
  4981 | D:6      | Reached skill level 1 in Evocations
  5446 | D:7      | Reached skill level 5 in Shields
  6179 | D:7      | Reached skill level 8 in Fighting
  6687 | D:7      | Reached XP level 10. HP: 74/88 MP: 10/10
  6962 | D:7      | Found a sparkling altar of Nemelex Xobeh.
  7151 | D:8      | Found a sand-covered staircase.
  7192 | Ossuary  | Entered an ossuary
  7642 | D:8      | Noticed a manticore
  7650 | D:8      | Killed a manticore
  7651 | D:8      | Reached skill level 1 in Polearms
  7651 | D:8      | Reached skill level 1 in Stealth
  7831 | D:8      | Noticed Grum
  7844 | D:8      | Killed Grum
  8156 | D:8      | Reached skill level 9 in Fighting
  8505 | D:8      | Found a staircase to the Lair.
  8545 | D:8      | Noticed Psyche
  8554 | D:8      | Killed Psyche
  8555 | D:8      | Reached skill level 5 in Long Blades
  8666 | D:8      | Noticed Joseph
  8672 | D:8      | Killed Joseph
  9091 | D:9      | Found a snail-covered altar of Cheibriados.
  9191 | D:9      | Found a flagged portal.
  9205 | Bailey   | Entered a bailey
  9260 | Bailey   | Reached skill level 5 in Dodging
  9353 | Bailey   | Reached XP level 11. HP: 66/99 MP: 11/11
  9760 | Bailey   | Found a roughly hewn altar of Beogh.
  9760 | Bailey   | Noticed an orc knight
  9769 | Bailey   | Killed an orc knight
  9778 | Bailey   | Reached skill level 10 in Fighting
  9778 | Bailey   | Reached skill level 5 in Evocations
  9778 | Bailey   | Reached XP level 12. HP: 91/108 MP: 12/12
  9782 | Bailey   | Identified the +1 helmet "Neam" {MP+9}
  9910 | D:9      | Reached skill level 11 in Fighting
 10550 | D:9      | Found a radiant altar of Vehumet.
 10906 | D:10     | Entered Level 10 of the Dungeon
 11790 | D:10     | Noticed Sonja
 11801 | D:10     | Killed Sonja
 12632 | D:11     | Noticed a boulder beetle
 12654 | D:11     | Killed a boulder beetle
 12655 | D:11     | Reached skill level 10 in Long Blades
 13848 | D:12     | Noticed Jorgrun
 13862 | D:12     | Killed Jorgrun
 13863 | D:12     | Reached XP level 13. HP: 95/117 MP: 13/13
 14171 | D:12     | Found a transporter.
 14173 | D:12     | Found a transporter.
 14180 | D:12     | Found a one-way gate to the infinite horrors of the Abyss.
 14184 | D:12     | Noticed Caterwaul's ghost (journeyman DsWr)
 14214 | D:12     | Found a staircase to the Orcish Mines.
 14248 | D:12     | Reached skill level 12 in Fighting
 14386 | D:12     | Noticed a starcursed mass
 15239 | Orc:1    | Entered Level 1 of the Orcish Mines
 15436 | Orc:1    | You fall into a shaft and drop 1 floor!
 15436 | Orc:2    | Entered Level 2 of the Orcish Mines
 15509 | Orc:2    | Found a roughly hewn altar of Beogh.
 15565 | Orc:2    | Found a staircase to the Elven Halls.
 15698 | Orc:1    | Found a radiant altar of Vehumet.
 16609 | Orc:2    | Found a roughly hewn altar of Beogh.
 16610 | Orc:2    | Found Aniomic's Book Emporium.
 16842 | Orc:2    | Found a roughly hewn altar of Beogh.
 16845 | Orc:2    | Found Qonnuawk's Antique Armour Emporium.
 17635 | Orc:2    | Noticed an orc warlord
 17649 | Orc:2    | Killed an orc warlord
 17676 | Orc:2    | Found Bemmer Nocw's Antique Weapon Emporium.
 17680 | Orc:2    | Found a roughly hewn altar of Beogh.
 17687 | Orc:2    | Found Pajia's Antique Armour Shoppe.
 17701 | Orc:2    | Bought a pair of glowing boots for 232 gold pieces
 17832 | D:12     | Reached skill level 13 in Fighting
 17864 | D:12     | Killed Caterwaul's ghost
 17897 | D:12     | Paralysed by accursed screaming for 1 turns
 18447 | D:13     | Reached XP level 14. HP: 68/129 MP: 14/14
 18718 | D:13     | Found a gate to the Vaults.
 19079 | D:13     | HP: 4/129 [meliai/divine providence (18)]
 19082 | D:13     | Killed from afar by a meliai

Illustrated notes

Levels and vault maps discovered:
D:1:      dpeg_arrival_court, layout_rooms, ebering_ecumenical_altar_hall
D:2:      layout_basic, serial_co_window_serial, co_window_corner_a,
          co_window_paths_a, co_window_corner_a, co_window_corner_a,
          co_window_corner_a, co_window_unsneaky_path_e, co_window_broadway_c,
          co_window_of_opportunity_c, co_window_corner_cb, co_window_paths_c,
          co_window_unsneaky_path_b, glass_columns_a, glass_columns_c,
          glass_columns_a, glass_columns_b, uniq_crazy_yiuf_cottage, uniq_robin
D:3:      layout_basic
D:4:      layout_loops_ring, kennysheep_ying_yang, okawaru_gym_becter,
          minmay_temple_entry_proselytizer, corner_web_ring, grunt_ministairs_6,
          minmay_rat_hole
D:5:      layout_gridville, mainiacjoe_overflow_catwalk,
          kennysheep_orc_sif_temple, uniq_menkaure
D:6:      layout_loops_ring, minmay_misc_feat_four_crosses, uniq_grinder,
          uniq_pikel
D:7:      layout_basic, nemelex_spade_bored_becter
D:8:      layout_gridville, david_lair_shrubbed, enter_ossuary_3,
          chequers_serial_rivers_micro_c, uniq_joseph, uniq_psyche, uniq_grum
D:9:      layout_cave_pods, kennysheep_slug_shrine, nicolae_vehumet_radiance,
          enter_bailey_5
D:10:     layout_grid_maze, uniq_sonja
D:11:     layout_irregular_city
D:12:     layout_grid_maze, orc_0_dummy, gammafunk_ghost_abyssal_escape,
          st_stairs_6, kennysheep_generic_room_3, uniq_jorgrun
D:13:     layout_roguey, david_vaults_2
Temple:   eino_temple_water
Orc:1:    layout_caves, basic_altar, guppyfry_library_mini
Orc:2:    grunt_orc_community_town_hall, layout_diamond_mine,
          grunt_orc_community_big_house_1, grunt_orc_community_big_house_1,
          grunt_orc_community_house_2, grunt_orc_community_house_2,
          grunt_orc_community_house_1, grunt_orc_community_house_3

Skill      XL: |  1  2  3  4  5  6  7  8  9 10 11 12 13 14 |
---------------+-------------------------------------------+-----
Fighting       | 4 5 6 7 8 9 10 11 13 | 13.4
Axes           | 3 4 6 7 9 |  9.4
Dodging        | 1 2 3 4 5 6 |  6.7
Armour         | 4 5 6 7 8 9 |  9.7
Shields        | 4 5 6 8 |  8.6
Maces & Flails | 4 |  4.8
Long Blades    | 3 6 8 10 11 12 | 12.2
Evocations     | 1 3 5 6 8 |  8.5
Polearms       | 2 |  2.4
Stealth        | 1 2 3 |  3.0
Throwing       | 2 |  2.0

Action                   |  1- 3 |  4- 6 |  7- 9 | 10-12 | 13-15 || total
-------------------------+-------+-------+-------+-------+-------++-------
Melee: War axe           |    71 |    89 |   176 |       |       ||   336
       Morningstar       |       |       |   146 |       |       ||   146
       Long sword        |       |       |     8 |   526 |   500 ||  1034
       Trident           |       |       |     3 |    48 |       ||    51
Throw: Boomerang         |       |       |     7 |       |       ||     7
       Throwing net      |       |       |       |       |     1 ||     1
Evoke: Wand              |       |       |     7 |     5 |    28 ||    40
  Use: Potion            |     1 |       |       |    12 |     8 ||    21
       Scroll            |       |       |    17 |     8 |     7 ||    32
 Stab: Distracted        |       |       |       |     3 |     4 ||     7
       Invisible         |       |       |       |     2 |     4 ||     6
Armor: Scale mail        |    44 |    16 |       |       |       ||    60
       Plate armour      |       |    24 |   204 |   296 |   235 ||   759
Dodge: Dodged            |    48 |    29 |   217 |   306 |   236 ||   836
Block: Buckler           |    23 |    26 |    77 |   149 |       ||   275
       Kite shield       |       |       |       |       |   273 ||   273
